 Dungeon Crawl Stone Soup version 0.29-a0-824-gd827844252 (webtiles) character file.

Game seed: 16661555778819366041

205 Malachi the Ruffian (level 5, -3/48 HPs)
             Began as a Troll Gladiator on July 9, 2022.
             Slain by an orc
             ... wielding a +0 flail
              (7 damage)
             ... on level 7 of the Dungeon.
             The game lasted 00:03:24 (2807 turns).

Malachi the Ruffian (Troll Gladiator)               Turns: 2807, Time: 00:03:26

Health: -3/48      AC:  4    Str: 24    XL:     5   Next: 52%
Magic:  4/4        EV: 10    Int:  4    God:
Gold:   224        SH:  0    Dex: 11    Spells: 4/4 levels left

rFire   . . .      SeeInvis .     - Unarmed
rCold   . . .      Faith    .   (no shield)
rNeg    . . .      Spirit   .   a - +0 robe
rPois   .          Reflect  .   b - +0 hat
rElec   .          Harm     .   (no cloak)
rCorr   .          Rampage  .   (gloves unavailable)
Will    .....                   (boots unavailable)
Stlth   +.........              (no amulet)
HPRegen 0.96/turn               (no ring)
MPRegen 0.09/turn               (no ring)

@: no status effects
A: large, unfitting armour, claws 3, regeneration 1, shaggy fur 1, tough skin 1
a: no special abilities


You were on level 7 of the Dungeon.
You visited 1 branch of the dungeon, and saw 5 of its levels.

You collected 224 gold pieces.

Inventory:

Missiles
 c - 3 throwing nets (quivered)
 d - 5 large rocks
Armour
 a - a +0 robe (worn)
 b - a +0 hat (worn)
Scrolls
 f - a scroll of amnesia
 h - 5 scrolls of identify
 k - 3 scrolls of teleportation
 m - a scroll of poison {unknown}
Potions
 i - a potion of brilliance {unknown}
 j - 2 potions of curing
 l - a potion of might {unknown}
 n - a potion of degeneration {unknown}
 o - a potion of heal wounds {unknown}


   Skills:
 - Level 1.5 Fighting
 - Level 1.7 Throwing
 - Level 2.4 Dodging
 - Level 0.2 Stealth
 * Level 6.2 Unarmed Combat


You had 4 spell levels left.
You didn't know any spells.
Your spell library contained the following spells:

 Spells                   Type           Power      Damage    Failure   Level
 Dazzling Flash           Conj/Hex       0%         N/A       86%         3
 Monstrous Menagerie      Summ           0%         N/A       100%        7


Dungeon Overview and Level Annotations

Branches:
Dungeon (4/15)
 Temple: D:4-7

Altars:
Cheibriados
Fedhas
Nemelex Xobeh

Annotations:
D:7 Prince Ribbit


Innate Abilities, Weirdness & Mutations

You are too large for most types of armour.
You have claws for hands.
Your natural rate of healing is unusually fast.
You are covered in fur. (AC +1)
You have tough skin. (AC +1)


Message History

As you read the scroll labelled QADI ASSOE, it crumbles to dust.
It is a scroll of amnesia.
You feel forgetful for a moment.
Prince Ribbit blinks!
The orc wizard barely misses you. The orc hits you with a +0 hand axe.
The orc closely misses you. The orc hits you but does no damage.
As you read the scroll labelled DUEGY UCUQASIPT, it crumbles to dust.
You hear a loud clanging noise!
It was a scroll of noise.
You hear a shout! x3; You hear an angry hiss. x3
The wight barely misses you.
The orc wizard gestures wildly while chanting.
The orc wizard flickers and vanishes!
Deactivating autopickup; reactivate with Ctrl-A.
The orc barely misses you. The orc hits you with a +0 flail.
A kobold brigand comes into view.
It is wielding a +0 whip and quivering poisoned darts.
A kobold comes into view. It is wielding a +0 short sword.
The orc hits you with a +0 whip.
As you read the scroll labelled MINLYL AHUP, it crumbles to dust.
Your body is wracked with pain!
* * * LOW HITPOINT WARNING * * *
The orc convulses! x3; Something is bathed in an unholy light!
Prince Ribbit convulses!
The kobold convulses!
The kobold brigand convulses!
It was a scroll of torment.
The wight closely misses you.
You hear some strange, mumbled words.
A magic dart appears from out of thin air!
The magic dart hits you.
* * * LOW HITPOINT WARNING * * *
The orc barely misses you. x2; The orc closely misses you.
It was a potion of curing.
You feel better.
Prince Ribbit blinks!
The wight misses you. Something hits you but does no damage.
The orc barely misses you. x2; The orc hits you with a +0 whip.
As you read the scroll labelled POENYTWIBBI, it crumbles to dust.
It is a scroll of identify.
k - 3 scrolls of teleportation The wight hits you with a +0 battleaxe!
* * * LOW HITPOINT WARNING * * *
Something hits you.
* * * LOW HITPOINT WARNING * * *
The orc closely misses you. The orc hits you with a +0 flail!
You die...

# #### .#### #..## ###
o...# #...#####o#
....## #....##§o@###
.....####.....K{ozz##
.#..............zz..##
.........)...........#
##.......F..###....K..#
##(........# #..#...##
#..........##..##.....
...........###..# K....
...##..#..### ##..
...#.#


You could see Prince Ribbit, a kobold brigand, 4 wights, 3 orcs and 2 kobolds.

Vanquished Creatures
  A hound (D:3)
  An orc priest (D:7)
  An iguana (D:3)
  An adder (D:2)
  3 gnolls
  7 dart slugs
  2 orcs (D:3)
  2 bats
  6 endoplasms
  2 giant cockroaches (D:1)
  5 goblins
  4 hobgoblins
  4 jackals (D:1)
  6 quokkas
  7 ball pythons
  2 frilled lizards
  5 kobolds
  4 rats
63 creatures vanquished.

Notes
Turn   | Place    | Note
-------+----------+-------------------------------------------
     0 | D:1      | Malachi the Troll Gladiator began the quest for the Orb.
     0 | D:1      | Reached XP level 1. HP: 19/19 MP: 0/0
    16 | D:1      | Got the Commentary on Helpful Hexes
   156 | D:1      | Reached XP level 2. HP: 25/27 MP: 1/1
   374 | D:1      | Reached skill level 4 in Unarmed Combat
   591 | D:1      | Reached XP level 3. HP: 33/33 MP: 2/2
  1667 | D:3      | Found a blossoming altar of Fedhas.
  1827 | D:3      | Reached XP level 4. HP: 34/41 MP: 3/3
  1849 | D:3      | Found a snail-covered altar of Cheibriados.
  1860 | D:3      | Reached skill level 5 in Unarmed Combat
  2184 | D:3      | Found a sparkling altar of Nemelex Xobeh.
  2237 | D:3      | Found a faded altar of an unknown god.
  2509 | D:3      | Reached XP level 5. HP: 7/48 MP: 4/4
  2674 | D:4      | Reached skill level 6 in Unarmed Combat
  2760 | D:4      | You fall into a shaft and drop 3 floors!
  2772 | D:7      | Noticed Prince Ribbit
  2807 | D:7      | Slain by an orc

Illustrated notes

Levels and vault maps discovered:
D:1:      dpeg_arrival_tiny_j, layout_basic,
          nicolae_concentric_dashed_squares_mild
D:2:      layout_basic
D:3:      layout_basic, overflow_temple_1_default, kennysheep_slug_shrine,
          nemelex_diamond_rough_becter, hellmonk_ecumenical_altar_defaced_shrine
D:4:      layout_rooms
D:7:      layout_cave_pools, uniq_prince_ribbit1, uniq_joseph

Skill      XL: |  1  2  3  4  5 |
---------------+----------------+-----
Unarmed Combat | 4 5 6 |  6.2
Fighting       | |  1.5
Throwing       | |  1.7
Dodging        | |  2.4
Stealth        | |  0.2

Action                   |  1- 3 |  4- 6 || total
-------------------------+-------+-------++-------
Melee: Unarmed           |    97 |    54 ||   151
       Punch             |     2 |     1 ||     3
  Use: Scroll            |       |     4 ||     4
       Potion            |       |     1 ||     1
 Stab: Sleeping          |     1 |       ||     1
Armor: Robe              |    31 |    14 ||    45
Dodge: Dodged            |    46 |    46 ||    92

Table legend: (Time is in decaauts)
 A = Elapsed time spent in this place.
 B = Non-inter-level travel time spent in this place.
 C = Inter-level travel time spent in this place.
 D = Time resting spent in this place.
 E = Time spent auto-exploring this place.
 F = Levels seen in this place.
 G = Mean time per level.
                   A        B        C        D        E       F      G
               +--------+--------+--------+--------+--------+-----+--------+
         Total |   2799 |   2695 |    104 |    143 |   2116 |   5 |  559.8 |
       Dungeon |   2799 |   2695 |    104 |    143 |   2116 |   5 |  559.8 |
               +--------+--------+--------+--------+--------+-----+--------+

Top non-repeatable levels by time:
     D:3: 936 daAuts
     D:2: 923 daAuts
     D:1: 710 daAuts
     D:4: 183 daAuts
     D:7: 45 daAuts
